[Event "Titled Tuesday Blitz December 06 Late 2022"]
[White "Omelja, Artem"]
[Black "Oro, Faustino"]
[WhiteFideId "14119846"]
[BlackFideId "20000197"]
[WhiteElo "2404"]
[BlackElo "1984"]
[Result "0-1"]
[Round "09"]
[TimeControl "180+1"]
[Date "2022.12.07"]
[WhiteClock "0:00:04"]
[BlackClock "0:00:30"]

1. e4 c5 2. Nf3 d6 3. Bb5+ Bd7 4. Bxd7+ Qxd7 5. O-O Nc6 6. c3 Nf6 7. Re1 e6 8. d4 cxd4 9. cxd4 d5 10. e5 Ne4 11. Nc3 Nxc3 12. bxc3 Be7 13. Bd2 O-O 14. Rb1 Na5 15. Bg5 Nc4 16. Bxe7 Qxe7 17. Qd3 Rac8 18. Rb3 Rc6 19. Reb1 b6 20. h3 Rfc8 21. Rc1 Qc7 22. Ng5 g6 23. Qf3 h6 24. Qf4 hxg5 25. Qxg5 Qd8 26. Qf4 Na5 27. Rbb1 Rxc3 28. Rd1 Rc2 29. h4 Rxa2 30. h5 Qf8 31. Rd3 Rcc2 32. Rg3 Rxf2 33. Qh4 Qh6 34. Re1 Nc4 35. Kh1 Rf4 36. Qh3 g5 37. Kh2 Kh7 38. Rc1 Rh4 39. Rcc3 Rxh3+ 40. Rxh3 g4 41. Rh4 Qf4+ 42. Rg3 Ne3 43. Rxg4 Nxg4+ 44. Kh3 Nf2+ 45. Kh2 Ne4 46. h6 Qxg3+ 47. Kh1 Qxg2# 0-1


[Site "https://www.chess.com"]

[Event "Titled Tuesday Blitz December 06 Late 2022"]
[White "Papayan, Oleg"]
[Black "Rosen, Eric"]
[WhiteFideId "4193911"]
[BlackFideId "2032562"]
[WhiteElo "2153"]
[BlackElo "2362"]
[Result "0-1"]
[Round "09"]
[TimeControl "180+1"]
[Date "2022.12.07"]
[WhiteClock "0:00:01"]
[BlackClock "0:00:01"]

1. e4 e5 2. Nf3 Nf6 3. d4 Nxe4 4. Nxe5 d6 5. Nf3 d5 6. Bd3 Nc6 7. O-O Bg4 8. Nbd2 f5 9. c3 Bd6 10. Qb3 Rb8 11. h3 Bh5 12. Re1 Bf7 13. Nf1 O-O 14. Ne3 Ne7 15. c4 c6 16. cxd5 Nxd5 17. Bc4 Kh8 18. Ne5 Be6 19. Nxd5 cxd5 20. Bxd5 Bxe5 21. Bxe6 Bxd4 22. Be3 Bxe3 23. Rxe3 Qf6 24. Bd5 Nc5 25. Qc3 f4 26. Qxf6 Rxf6 27. Rc3 b6 28. b4 Nd7 29. Rc7 Rd6 30. Bf3 a5 31. a3 Ne5 32. Be4 Rd4 33. f3 axb4 34. axb4 Rxb4 35. h4 h5 36. Raa7 Rg8 37. Bd5 Rd8 38. Be6 Rd6 39. Bf5 Rd8 0-1


[Site "https://www.chess.com"]

[Event "Titled Tuesday Blitz December 06 Late 2022"]
[White "Papp, Levente"]
[Black "Baskakov, Egor"]
[WhiteFideId "751243"]
[BlackFideId "24197866"]
[WhiteElo "2380"]
[BlackElo "2212"]
[Result "1-0"]
[Round "09"]
[TimeControl "180+1"]
[Date "2022.12.07"]
[WhiteClock "0:00:26"]
[BlackClock "0:00:37"]

1. Nf3 Nf6 2. g3 e6 3. Bg2 d5 4. O-O Be7 5. d3 O-O 6. Re1 d4 7. c3 c5 8. Ne5 Qc7 9. cxd4 cxd4 10. Nc4 e5 11. Nba3 a6 12. Bd2 Nc6 13. Rc1 Re8 14. Na5 Bd7 15. Nxc6 Bxc6 16. Bxc6 bxc6 17. Qa4 Rec8 18. Nc4 Nd5 19. Na5 c5 20. b4 Rab8 21. bxc5 h5 22. h4 Rb2 23. Nb3 g5 24. Qa3 Rxd2 25. Nxd2 gxh4 26. Qxa6 hxg3 27. Qh6 gxf2+ 28. Kxf2 Bh4+ 29. Kf3 Bxe1 30. Rxe1 Nf4 31. Ne4 Qe7 32. Nf6+ 1-0


[Site "https://www.chess.com"]

[Event "Titled Tuesday Blitz December 06 Late 2022"]
[White "Paravyan, David"]
[Black "Chigaev, Maksim"]
[WhiteFideId "4194985"]
[BlackFideId "4108116"]
[WhiteElo "2551"]
[BlackElo "2542"]
[Result "1-0"]
[Round "09"]
[TimeControl "180+1"]
[Date "2022.12.06"]
[WhiteClock "0:00:04"]
[BlackClock "0:00:08"]

1. e4 c5 2. Nf3 e6 3. d4 cxd4 4. Nxd4 Nf6 5. Nc3 Nc6 6. Nxc6 bxc6 7. Bd3 d5 8. O-O Be7 9. Re1 O-O 10. Qe2 a5 11. Bg5 Bb7 12. b3 h6 13. Bd2 d4 14. Na4 e5 15. f4 Nd7 16. Qh5 Bb4 17. Bxb4 axb4 18. fxe5 Ra5 19. Nb2 Rxe5 20. Qf3 c5 21. Nc4 Rg5 22. Qf4 Nf6 23. Kh1 Qe7 24. Re2 Ng4 25. h3 Nf6 26. Rf2 Nxe4 27. Bxe4 Qxe4 28. Qxe4 Bxe4 29. a4 bxa3 30. Rxa3 Bd5 31. Nb6 Be6 32. Ra5 Rd8 33. Kh2 d3 34. cxd3 Rxd3 35. Na4 Rxb3 36. Rxc5 Rb8 37. Rxg5 hxg5 38. Nc5 Bd5 39. Rf5 Bc6 40. Rxg5 f6 41. Rg3 Kf7 42. Nd3 Bd5 43. Nf4 Be4 44. Ra3 Rb2 45. Ra7+ Kg8 46. Re7 Bb7 47. h4 g5 48. hxg5 fxg5 49. Ne6 Rxg2+ 50. Kh3 Rb2 51. Nxg5 Kf8 52. Rc7 Ke8 53. Ne6 Bd5 54. Nf4 Bb7 55. Rh7 Kd8 56. Rh4 Kc8 57. Kg3 Kb8 58. Rh7 Ka8 59. Re7 Ka7 60. Ne6 Rb3+ 61. Kf4 Kb6 62. Nd4 Rb4 63. Ke5 Rb1 64. Rg7 Rd1 65. Nf5 Re1+ 66. Kf6 Rf1 67. Ke5 Re1+ 68. Kd4 Re4+ 69. Kc3 Re5 70. Nd4 Bd5 71. Rd7 Kc5 72. Rc7+ Kd6 73. Ra7 Re3+ 74. Kb4 Rd3 75. Ra6+ Ke5 76. Nb5 Rb3+ 77. Kc5 Rb1 78. Ra3 Rc1+ 79. Kb6 Bh1 80. Re3+ Kf4 81. Re7 Rc6+ 82. Ka5 Rh6 83. Nd4 Kg3 84. Nf5+ 1-0


[Site "https://www.chess.com"]

[Event "Titled Tuesday Blitz December 06 Late 2022"]
[White "Pein, Jonathan"]
[Black "Womacka, Mathias"]
[WhiteFideId "417092"]
[BlackFideId "4611390"]
[WhiteElo "2225"]
[BlackElo "2377"]
[Result "0-1"]
[Round "09"]
[TimeControl "180+1"]
[Date "2022.12.07"]
[WhiteClock "0:00:02"]
[BlackClock "0:00:16"]

1. b3 c5 2. Bb2 Nc6 3. Nf3 d6 4. g3 e5 5. d3 g6 6. Bg2 Bg7 7. c4 Nge7 8. O-O O-O 9. Nc3 h6 10. Ne1 Be6 11. Nc2 d5 12. cxd5 Nxd5 13. Rc1 Rc8 14. Nxd5 Bxd5 15. Ne3 Bxg2 16. Kxg2 b6 17. Nc4 Qd7 18. h4 h5 19. a3 Rcd8 20. Kg1 f5 21. b4 cxb4 22. axb4 f4 23. b5 Nd4 24. Bxd4 exd4 25. Qb3 Kh7 26. Nd2 fxg3 27. fxg3 Bh6 28. Rxf8 Rxf8 29. Rf1 Rxf1+ 30. Nxf1 Qe7 31. Qd5 Qxe2 32. Qxd4 Bg7 33. Qe4 Qxe4 34. dxe4 Kg8 35. Kf2 Kf7 36. Ke3 Ke6 37. Kd3 Kd6 38. Kc4 Be5 39. Kb4 Bd4 40. Kc4 Bf2 41. Kd3 Kc5 42. Ke2 Bd4 43. Kd3 Be5 0-1


[Site "https://www.chess.com"]

[Event "Titled Tuesday Blitz December 06 Late 2022"]
[White "Pinheiro, Iung Alicio de O."]
[Black "Yuan, Qingyu"]
[WhiteFideId "2104350"]
[BlackFideId "8609772"]
[WhiteElo "2283"]
[BlackElo "2359"]
[Result "0-1"]
[Round "09"]
[TimeControl "180+1"]
[Date "2022.12.06"]
[WhiteClock "0:00:08"]
[BlackClock "0:01:05"]

1. e4 e5 2. Nf3 Nc6 3. Bc4 Bc5 4. O-O Nf6 5. d4 Bxd4 6. Nxd4 Nxd4 7. Bg5 Ne6 8. Bh4 g5 9. Bg3 d6 10. Na3 Nxe4 11. Qh5 Nf6 12. Qe2 Bd7 13. Rad1 Qe7 14. c3 h5 15. h4 Rg8 16. Bb3 gxh4 17. Bxh4 Rxg2+ 18. Kh1 Nf4 19. Qf3 Bc6 20. Bxf6 Bxf3 21. Bxe7 Rg3+ 22. Kh2 Rh3+ 0-1


[Site "https://www.chess.com"]

[Event "Titled Tuesday Blitz December 06 Late 2022"]
[White "Poliakova, Varvara"]
[Black "Matinian, Nikita"]
[WhiteFideId "13518313"]
[BlackFideId "24129100"]
[WhiteElo "2075"]
[BlackElo "2422"]
[Result "1-0"]
[Round "09"]
[TimeControl "180+1"]
[Date "2022.12.06"]
[WhiteClock "0:00:18"]
[BlackClock "0:00:01"]

1. e4 c5 2. Nc3 Nc6 3. d3 g6 4. g3 Bg7 5. Bg2 h5 6. f4 h4 7. g4 h3 8. Nxh3 e5 9. Nf2 Nd4 10. Nd5 d6 11. c3 Nc6 12. Be3 Nge7 13. f5 Nxd5 14. exd5 Ne7 15. fxg6 Nxg6 16. Qd2 b5 17. Be4 a5 18. O-O-O a4 19. Bxg6 fxg6 20. Ne4 Bxg4 21. Rdf1 Bf5 22. Ng3 Qd7 23. Bg5 a3 24. b3 c4 25. dxc4 bxc4 26. b4 Rh3 27. Qg2 Rh7 28. Qf3 Ra7 29. Nxf5 gxf5 30. h4 f4 31. Qe4 Rh8 32. h5 Qf7 33. h6 Bf6 34. Bxf4 Rc7 35. Bd2 Kd8 36. Qf5 Rf8 37. Qe6 Qxe6 38. dxe6 Ke7 39. h7 Kxe6 40. Rh6 Rcf7 41. Bg5 Kd5 42. Bxf6 e4 43. h8=Q Rxh8 44. Rxh8 e3 45. Rh5+ Ke4 46. Rh4+ Kd3 47. Rd1+ Ke2 48. Rh2+ Kf3 49. Bd4 d5 50. Rf1+ Ke4 51. Rxf7 Kd3 52. Re7 1-0


[Site "https://www.chess.com"]

[Event "Titled Tuesday Blitz December 06 Late 2022"]
[White "Rastbod, Ali"]
[Black "Santos Flores, Alberto"]
[WhiteFideId "12567477"]
[BlackFideId "3601234"]
[WhiteElo "2223"]
[BlackElo "2235"]
[Result "1-0"]
[Round "09"]
[TimeControl "180+1"]
[Date "2022.12.06"]
[WhiteClock "0:00:12"]
[BlackClock "0:00:02"]

1. e4 c5 2. Nf3 Nc6 3. Bb5 g6 4. Bxc6 dxc6 5. d3 Bg7 6. h3 e5 7. Be3 b6 8. a4 a5 9. Nbd2 Qc7 10. Nc4 Be6 11. Nfd2 Nf6 12. b4 axb4 13. a5 b5 14. Nb6 Ra6 15. Bxc5 Bf8 16. Be3 Nd7 17. d4 exd4 18. Bxd4 f6 19. Qf3 Bg7 20. O-O O-O 21. Nb3 Bxb3 22. cxb3 c5 23. Nxd7 Qxd7 24. Bxc5 Re8 25. Bxb4 f5 26. Rad1 Qf7 27. exf5 gxf5 28. Rd5 f4 29. Rxb5 Qd7 30. Qd5+ Qxd5 31. Rxd5 Rb8 32. Bd6 Rxb3 33. Bxf4 Ra3 34. Bc7 Bc3 35. Rd8+ Kf7 36. Rd7+ Kg6 37. Rfd1 Bxa5 38. Bg3 Bb4 39. h4 h5 40. R1d5 R3a5 41. Rxa5 Rxa5 42. Rb7 Bc3 43. Rb6+ 1-0


[Site "https://www.chess.com"]

[Event "Titled Tuesday Blitz December 06 Late 2022"]
[White "Rian, Kapriaga"]
[Black "Quinones Garcia, Santiago"]
[WhiteFideId "7103263"]
[BlackFideId "4408497"]
[WhiteElo "2250"]
[BlackElo "2249"]
[Result "0-1"]
[Round "09"]
[TimeControl "180+1"]
[Date "2022.12.07"]
[WhiteClock "0:00:25"]
[BlackClock "0:01:19"]

1. d4 Nf6 2. Nf3 g6 3. Bg5 Bg7 4. Nbd2 d5 5. e3 O-O 6. Be2 b6 7. O-O Bb7 8. a4 a6 9. c3 Nbd7 10. Re1 c5 11. Qb3 Qc7 12. Bf1 c4 13. Qc2 b5 14. axb5 axb5 15. Bf4 Qb6 16. h3 b4 17. b3 bxc3 18. Qxc3 Rxa1 19. Rxa1 cxb3 20. Qxb3 Bc6 21. Qxb6 Nxb6 22. Ra6 Nfd7 23. Bc7 Bb7 24. Ra8 Rxa8 25. Nb3 Ra3 26. Nc5 Nxc5 27. Bxb6 Ne4 28. Bd8 Ra1 29. g3 Ba6 30. Nh2 Nd2 0-1


[Site "https://www.chess.com"]

[Event "Titled Tuesday Blitz December 06 Late 2022"]
[White "Rorrer, Grayson"]
[Black "Romero Ruscalleda, Josep"]
[WhiteFideId "30944996"]
[BlackFideId "2231859"]
[WhiteElo "2200"]
[BlackElo "2183"]
[Result "1-0"]
[Round "09"]
[TimeControl "180+1"]
[Date "2022.12.07"]
[WhiteClock "0:02:11"]
[BlackClock "0:01:42"]

1. Nf3 g6 2. d4 Bg7 3. g3 d6 4. Bg2 Nf6 5. O-O O-O 6. c4 Nc6 7. Nc3 Bf5 8. d5 Nb8 9. Nd4 Bd7 10. e4 c5 11. Nc2 a6 12. a4 b6 13. Qe2 Qc7 14. Bd2 e6 15. Bf4 exd5 16. e5 dxe5 17. Bxe5 Qd8 18. Bxf6 Bxf6 19. Nxd5 Bc6 20. Rfd1 Bg7 21. Ne7+ 1-0


[Site "https://www.chess.com"]

[Event "Titled Tuesday Blitz December 06 Late 2022"]
[White "Rose, Felix"]
[Black "Castellanos Gomez, Alejandro"]
[WhiteFideId "5105722"]
[BlackFideId "22284141"]
[WhiteElo "2039"]
[BlackElo "2168"]
[Result "1-0"]
[Round "09"]
[TimeControl "180+1"]
[Date "2022.12.07"]
[WhiteClock "0:00:30"]
[BlackClock "0:00:04"]

1. e4 d5 2. exd5 Qxd5 3. Nc3 Qd6 4. d4 Nf6 5. Nf3 a6 6. g3 Nc6 7. Bg2 Bg4 8. h3 Bh5 9. d5 Nb4 10. Bf4 Qc5 11. Be3 Qa5 12. O-O Nbxd5 13. Nxd5 Qxd5 14. Qe2 e6 15. Rfd1 Qb5 16. c4 Qa4 17. g4 Bg6 18. b3 Qa5 19. Nh4 Bd6 20. Bxb7 Rb8 21. Bc6+ Ke7 22. g5 Nh5 23. c5 Bf4 24. Rd7+ Kf8 25. Qd1 Bxe3 26. Rd8+ Ke7 27. Qd7# 1-0


[Site "https://www.chess.com"]

[Event "Titled Tuesday Blitz December 06 Late 2022"]
[White "Rosenthal, Nicholas"]
[Black "Xiong, Jeffery"]
[WhiteFideId "2045150"]
[BlackFideId "2047640"]
[WhiteElo "2182"]
[BlackElo "2726"]
[Result "0-1"]
[Round "09"]
[TimeControl "180+1"]
[Date "2022.12.06"]
[WhiteClock "0:01:26"]
[BlackClock "0:00:51"]

1. e4 c5 2. Nf3 d6 3. Bb5+ Nc6 4. O-O Bd7 5. c3 Nf6 6. Re1 a6 7. Bf1 Bg4 8. h3 Bxf3 9. Qxf3 e6 10. d3 Be7 11. Bf4 O-O 12. Nd2 b5 13. Rad1 Rc8 14. g4 Nd7 15. Bg2 Nde5 16. Qg3 Bh4 17. Qe3 Ng6 18. d4 cxd4 19. cxd4 Nxf4 20. Qxf4 Nxd4 21. Nf3 Nxf3+ 22. Bxf3 Rc6 23. Rd3 h6 24. Red1 Qb6 25. Bg2 Rfc8 26. Rxd6 Rxd6 27. Rxd6 Bxf2+ 28. Kf1 Qc5 29. Rd7 Bd4 30. e5 Qc4+ 31. Ke1 Bc3+ 0-1


[Site "https://www.chess.com"]

[Event "Titled Tuesday Blitz December 06 Late 2022"]
[White "Rustemov, Alexander"]
[Black "Melikyan, Gnel"]
[WhiteFideId "4119002"]
[BlackFideId "54109990"]
[WhiteElo "2787"]
[BlackElo "2138"]
[Result "1/2-1/2"]
[Round "09"]
[TimeControl "180+1"]
[Date "2022.12.06"]
[WhiteClock "0:00:09"]
[BlackClock "0:00:11"]

1. d4 a6 2. e4 e6 3. Bd3 d5 4. Nd2 c5 5. exd5 Qxd5 6. Ngf3 Nf6 7. O-O cxd4 8. Nb3 Nc6 9. Nbxd4 Nxd4 10. Nxd4 Bd7 11. c3 Bc5 12. Be3 e5 13. Nc2 Bc6 14. f3 O-O-O 15. Bf5+ Kb8 16. Qxd5 Bxe3+ 17. Nxe3 Nxd5 18. Nxd5 Rxd5 19. Be4 Rd2 20. Bxc6 bxc6 21. Rf2 Rhd8 22. Re1 f6 23. Ree2 Rxe2 24. Rxe2 Rd1+ 25. Kf2 Kc7 26. Ke3 c5 27. Rd2 Re1+ 28. Kf2 Ra1 29. b3 c4 30. bxc4 Rc1 31. Ke3 Rxc3+ 32. Ke4 Rxc4+ 33. Kf5 Rc6 34. h4 g6+ 35. Kg4 Rc4+ 36. Kh3 h5 37. Rd3 a5 38. Rd5 Ra4 39. Rd2 Rd4 40. Rc2+ Kd6 41. Rc8 Ra4 42. Rg8 Rxa2 43. Rxg6 Ke6 44. Rh6 Kf7 45. Rxh5 Kg7 46. Rf5 Ra4 47. g3 Rd4 48. h5 a4 49. f4 exf4 50. gxf4 a3 51. Ra5 Rxf4 52. Rxa3 Kh6 53. Rg3 Kxh5 54. Rg8 Rf1 55. Kg2 Rf5 56. Ra8 Kg4 57. Ra4+ Rf4 58. Ra3 f5 59. Rg3+ Kh4 60. Rf3 Rg4+ 61. Kf2 Kg5 62. Ra3 Rb4 63. Rc3 Kg4 64. Rg3+ Kf4 65. Rf3+ Kg5 66. Rg3+ Kh4 67. Rg8 Rb3 68. Rh8+ Kg4 69. Rg8+ Kf4 70. Ra8 Rb2+ 71. Kf1 Kg3 72. Ra3+ Kg4 73. Rc3 f4 74. Ra3 Rd2 75. Rb3 Rh2 76. Ra3 Rh6 77. Rb3 Re6 78. Ra3 Re3 79. Rxe3 fxe3 80. Ke2 Kf4 81. Ke1 Kf3 82. Kf1 e2+ 83. Ke1 Ke3 1/2-1/2


[Site "https://www.chess.com"]

[Event "Titled Tuesday Blitz December 06 Late 2022"]
[White "Sarana, Alexey"]
[Black "Harshavardhan G B"]
[WhiteFideId "24133795"]
[BlackFideId "25059009"]
[WhiteElo "2708"]
[BlackElo "2323"]
[Result "1-0"]
[Round "09"]
[TimeControl "180+1"]
[Date "2022.12.06"]
[WhiteClock "0:00:41"]
[BlackClock "0:00:02"]

1. d4 Nf6 2. c4 g6 3. Nc3 Bg7 4. e4 d6 5. Be2 O-O 6. Be3 e5 7. d5 Na6 8. g4 Nc5 9. f3 h5 10. g5 Nfd7 11. h4 f6 12. Qd2 fxg5 13. hxg5 a5 14. Nh3 Nb6 15. O-O-O Bxh3 16. Rxh3 a4 17. Kb1 Qd7 18. Rg3 Rf7 19. Nb5 Raf8 20. Rh1 Qe7 21. Qb4 Rf4 22. Qa5 Ra8 23. Qb4 Raf8 24. Bd1 Na6 25. Qc3 Nc5 26. Be2 Qd7 27. Qa5 Ra8 28. Qb4 Qe7 29. a3 Raf8 30. Nxd6 Na6 31. Qa5 Qxd6 32. c5 Nxc5 33. Bxc5 Qd8 34. d6 Qa8 35. Qb4 Nd7 36. dxc7 Nxc5 37. Qxc5 Rc8 38. Bc4+ Kh7 39. Be6 Bf8 40. Qc4 b6 41. Bxc8 Qxc8 42. Rc1 Kg7 43. Qc6 Rf7 44. Qd5 1-0


[Site "https://www.chess.com"]

[Event "Titled Tuesday Blitz December 06 Late 2022"]
[White "Sargsyan, Anna M."]
[Black "Shohat, Yotam"]
[WhiteFideId "13308130"]
[BlackFideId "2813955"]
[WhiteElo "2284"]
[BlackElo "2216"]
[Result "0-1"]
[Round "09"]
[TimeControl "180+1"]
[Date "2022.12.07"]
[WhiteClock "0:00:01"]
[BlackClock "0:00:53"]

1. d4 Nf6 2. c4 c5 3. Nf3 cxd4 4. Nxd4 e5 5. Nc2 d5 6. cxd5 Qxd5 7. Qxd5 Nxd5 8. e4 Nb4 9. Nxb4 Bxb4+ 10. Bd2 Nc6 11. Bb5 Bxd2+ 12. Nxd2 Bd7 13. Bxc6 Bxc6 14. f3 O-O-O 15. a4 Rd4 16. b3 Rhd8 17. Ra2 b5 18. axb5 Bxb5 19. g3 Kb7 20. h4 Rd3 21. Rh2 Re3+ 22. Kf2 Re2+ 23. Kg1 Re1+ 24. Kg2 Re2+ 25. Kh3 Rxh2+ 26. Kxh2 Kb6 27. Kg2 Kc5 28. Kh2 Kb4 29. Kh3 a5 30. Rc2 Rd3 31. Kg4 Rc3 32. Rb2 Bd3 33. f4 exf4 34. Kxf4 Rc2 35. Rxc2 Bxc2 36. e5 Bxb3 37. g4 a4 38. h5 a3 0-1


[Site "https://www.chess.com"]

[Event "Titled Tuesday Blitz December 06 Late 2022"]
[White "Savic, Miroslav"]
[Black "Seletsky, Grigory"]
[WhiteFideId "14508494"]
[BlackFideId "14112191"]
[WhiteElo "2209"]
[BlackElo "2492"]
[Result "0-1"]
[Round "09"]
[TimeControl "180+1"]
[Date "2022.12.07"]
[WhiteClock "0:00:02"]
[BlackClock "0:00:42"]

1. Nf3 g6 2. e4 Bg7 3. h4 h6 4. d4 d6 5. Bc4 c6 6. Nc3 Nd7 7. h5 g5 8. Bxg5 Nb6 9. Bxf7+ Kxf7 10. Be3 d5 11. Rh4 Ke8 12. Ne5 Nf6 13. Ng6 Rg8 14. e5 Nh7 15. Qd3 Qd7 16. Nxe7 Qxe7 17. Qxh7 Rh8 18. Qg6+ Qf7 19. Qxf7+ Kxf7 20. Rf4+ Ke7 21. O-O-O Be6 22. Rg1 Nc4 23. Rf3 Raf8 24. Rg3 Rf7 25. b3 Nxe3 26. fxe3 Bf8 27. Ne2 Rg7 28. Rf3 Rhg8 29. Nf4 Bf7 30. Kb2 Rg5 31. a4 Bxh5 32. Nxh5 Rxh5 33. Rgf1 Ke8 34. Rf7 Be7 35. Rh7 Rhg5 36. Rff7 R5g7 37. Rfxg7 Rxg7 38. Rxg7 a5 39. Rh7 Bg5 40. Rxb7 Bxe3 41. c3 Kd8 42. Rc7 Kxc7 0-1


[Site "https://www.chess.com"]

[Event "Titled Tuesday Blitz December 06 Late 2022"]
[White "Shapiro, Daniel"]
[Black "Toncheva, Nadya"]
[WhiteFideId "2001780"]
[BlackFideId "2924056"]
[WhiteElo "2339"]
[BlackElo "2101"]
[Result "0-1"]
[Round "09"]
[TimeControl "180+1"]
[Date "2022.12.07"]
[WhiteClock "0:00:13"]
[BlackClock "0:00:33"]

1. d4 d5 2. c4 dxc4 3. e4 e5 4. Nf3 Bb4+ 5. Nc3 exd4 6. Qxd4 Qxd4 7. Nxd4 Nf6 8. f3 Be6 9. Nxe6 fxe6 10. Bxc4 Ke7 11. Bd2 Nbd7 12. O-O Rhd8 13. Rfd1 Bc5+ 14. Kf1 a6 15. a3 b5 16. Ba2 Ne5 17. Rac1 Nd3 18. Rc2 Bb6 19. Bg5 h6 20. Bh4 g5 21. Bg3 Nh5 22. Rcd2 Nxg3+ 23. hxg3 Ne5 24. Ke2 Rxd2+ 25. Rxd2 h5 26. Rd1 h4 27. gxh4 gxh4 28. Rh1 Rg8 29. Kf1 Ng6 30. Ne2 Rd8 31. Ke1 Be3 32. g3 Rd2 33. gxh4 Rxb2 34. Nc3 Bd2+ 35. Kf1 Bxc3 36. h5 Rxa2 0-1


[Site "https://www.chess.com"]

[Event "Titled Tuesday Blitz December 06 Late 2022"]
[White "Simonovic, Miroslav"]
[Black "Przybylski, Wojciech"]
[WhiteFideId "919152"]
[BlackFideId "1117599"]
[WhiteElo "2057"]
[BlackElo "2217"]
[Result "1/2-1/2"]
[Round "09"]
[TimeControl "180+1"]
[Date "2022.12.07"]
[WhiteClock "0:00:17"]
[BlackClock "0:00:17"]

1. d4 Nf6 2. Bg5 e6 3. e4 h6 4. Bxf6 Qxf6 5. e5 Qe7 6. c3 f5 7. Qh5+ Qf7 8. Qxf7+ Kxf7 9. f4 b6 10. Be2 Bb7 11. Bf3 Bxf3 12. Nxf3 d5 13. exd6 cxd6 14. Kf2 Nd7 15. Re1 Nf6 16. Nbd2 Rg8 17. Re2 g5 18. Rae1 Re8 19. fxg5 hxg5 20. g3 Bh6 21. Kg2 g4 22. Nh4 Nd5 23. Nc4 Bf8 24. Nxf5 Kf6 25. Nfxd6 Bxd6 26. Nxd6 Re7 27. a3 Rh8 28. c4 Nc7 29. Rf2+ Kg6 30. Ne4 Ne8 31. Rf4 Kh5 32. Nf6+ Kg5 33. Re5+ Kg6 34. Nxe8 Rhxe8 35. Rxg4+ Kf6 36. Rge4 Rc7 37. d5 Rxc4 38. Rxe6+ Rxe6 39. Rxe6+ Kf5 40. Re2 Rd4 41. h4 Rxd5 42. Kh3 Rd3 43. Rf2+ Kg6 44. Kh2 Rd4 45. Rc2 Kh5 46. Rf2 Kg4 47. Rf4+ Rxf4 48. gxf4 Kxh4 49. Kg2 Kg4 50. Kf2 Kxf4 51. Ke2 Ke4 52. Kd2 Kd4 53. Kc2 Kc4 54. b3+ Kd4 55. Kd2 b5 56. Kc2 a5 57. Kd2 Ke4 58. Ke2 Kd4 59. Kd2 Kc5 60. Kc3 b4+ 61. axb4+ axb4+ 62. Kc2 Kd4 63. Kd2 Ke4 64. Ke2 Kd4 65. Kd2 Kc5 66. Ke3 Kd5 67. Kd3 Kc5 68. Ke4 Kc6 69. Kd4 Kb5 70. Kd5 Kb6 71. Kc4 Ka5 72. Kc5 Ka6 73. Kxb4 Kb6 74. Kc4 Kc6 75. Kb4 Kb6 76. Ka4 Ka6 77. b4 Kb6 78. b5 Kb7 79. Kb4 Kb6 80. Kc4 Kb7 81. Kc5 Kc7 82. Kd5 Kb6 83. Kc4 Kb7 84. Kc5 Kc7 85. b6+ Kb7 86. Kb5 Kb8 87. Ka5 Kb7 88. Kb5 Kb8 89. Kc5 Kb7 90. Kb5 1/2-1/2


[Site "https://www.chess.com"]

[Event "Titled Tuesday Blitz December 06 Late 2022"]
[White "Slovineanu"]
[Black "Torres Dominguez, David"]
[BlackFideId "2220857"]
[WhiteElo "2279"]
[BlackElo "2037"]
[Result "1-0"]
[Round "09"]
[TimeControl "180+1"]
[Date "2022.12.07"]
[WhiteClock "0:00:12"]
[BlackClock "0:00:01"]

1. d4 e5 2. dxe5 d6 3. exd6 Bxd6 4. Nf3 Bg4 5. Nbd2 Nc6 6. c3 Qe7 7. g3 O-O-O 8. Bg2 h5 9. h3 Bd7 10. O-O g5 11. Nc4 g4 12. Nxd6+ cxd6 13. hxg4 hxg4 14. Nd4 f5 15. Be3 Qh7 16. Re1 Nf6 17. Bg5 Qh2+ 18. Kf1 Ne4 19. Bh4 Rxh4 20. gxh4 g3 21. Nf3 Nxf2 22. Nxh2 Nxd1 23. Raxd1 gxh2 24. Bf3 Rg8 25. Kf2 Ne5 26. Rh1 Bc6 27. Bxc6 bxc6 28. Rxd6 Kc7 29. Rd3 Nxd3+ 30. exd3 Rb8 31. b3 Rd8 32. d4 c5 33. Rxh2 cxd4 34. cxd4 Rxd4 35. Kf3 Rg4 36. h5 Rg7 37. h6 Rh7 38. Kf4 Kd6 39. Kxf5 Ke7 40. Kg6 Rh8 41. h7 Kf8 42. Rf2+ Ke7 43. Kg7 1-0


[Site "https://www.chess.com"]

[Event "Titled Tuesday Blitz December 06 Late 2022"]
[White "Souleidis, Georgios"]
[Black "Gutkin, Ilya"]
[WhiteFideId "4206827"]
[BlackFideId "16203470"]
[WhiteElo "2401"]
[BlackElo "2265"]
[Result "1-0"]
[Round "09"]
[TimeControl "180+1"]
[Date "2022.12.07"]
[WhiteClock "0:01:16"]
[BlackClock "0:00:11"]

1. e4 e6 2. d4 d5 3. exd5 exd5 4. Nf3 Nc6 5. Bb5 Bd6 6. c4 Qe7+ 7. Be3 Bb4+ 8. Nc3 Nf6 9. O-O Bxc3 10. bxc3 O-O 11. Bg5 a6 12. Re1 Be6 13. Bxc6 bxc6 14. c5 h6 15. Bxf6 Qxf6 16. Ne5 Bf5 17. Qa4 Rfe8 18. Qxc6 Rab8 19. Qxf6 gxf6 20. Nc6 Rxe1+ 21. Rxe1 Rb1 22. Rxb1 Bxb1 23. a3 Kf8 24. Nb4 a5 25. Nxd5 c6 26. Nxf6 Ke7 27. Ng4 f5 28. Ne5 Ke6 29. c4 Be4 30. f3 Bc2 31. Nxc6 a4 32. Kf2 Bb3 33. Ne5 f4 34. g3 Kf5 35. c6 1-0


[Site "https://www.chess.com"]

[Event "Titled Tuesday Blitz December 06 Late 2022"]
[White "Stanisz, Patryk"]
[Black "Sanchez, Robert"]
[WhiteFideId "1123106"]
[BlackFideId "2034360"]
[WhiteElo "2069"]
[BlackElo "2309"]
[Result "0-1"]
[Round "09"]
[TimeControl "180+1"]
[Date "2022.12.07"]
[WhiteClock "0:00:02"]
[BlackClock "0:00:08"]

1. d4 Nf6 2. c4 e6 3. Nc3 Bb4 4. e3 b6 5. Ne2 Ba6 6. a3 Bxc3+ 7. Nxc3 d5 8. b3 O-O 9. Bd3 Nc6 10. O-O dxc4 11. bxc4 Na5 12. Qe2 c5 13. Rd1 cxd4 14. exd4 Rc8 15. Bg5 h6 16. Bh4 Bxc4 17. Ne4 g5 18. Bg3 Nxe4 19. Qxe4 f5 20. Qe5 Bxd3 21. Qxe6+ Rf7 22. Qg6+ Rg7 23. Qe6+ Rf7 24. Be5 Rc6 25. Qa2 Bc4 26. Qd2 Nb3 27. Qb4 Nxa1 28. Rxa1 Bd5 29. h4 Kh7 30. Re1 Qd7 31. hxg5 hxg5 32. Qd2 Kg6 33. Re3 Rh7 34. Rg3 Qe7 35. Bf4 g4 36. Be5 Re6 37. f3 Rxe5 38. dxe5 Qxe5 39. fxg4 Qxg3 40. Qxd5 Qe1# 0-1


[Site "https://www.chess.com"]

[Event "Titled Tuesday Blitz December 06 Late 2022"]
[White "Stoleriu, George"]
[Black "Bok, Benjamin"]
[WhiteFideId "1227505"]
[BlackFideId "1017063"]
[WhiteElo "2287"]
[BlackElo "2658"]
[Result "0-1"]
[Round "09"]
[TimeControl "180+1"]
[Date "2022.12.06"]
[WhiteClock "0:00:07"]
[BlackClock "0:00:11"]

1. e4 c5 2. Nc3 d6 3. Bb5+ Bd7 4. Bxd7+ Qxd7 5. f4 g6 6. Nf3 Bg7 7. O-O Nc6 8. d3 e6 9. Qe1 Nge7 10. Bd2 O-O 11. Qh4 Rac8 12. f5 exf5 13. Bh6 f6 14. Rae1 Ne5 15. Qh3 fxe4 16. Qxd7 Nxd7 17. Bxg7 Kxg7 18. Nxe4 Rc6 19. Nxd6 Rxd6 20. Rxe7+ Rf7 21. Rfe1 b6 22. Re8 h6 23. R1e7 f5 24. Rxf7+ Kxf7 25. Rh8 Kg7 26. Rd8 Kf6 27. Rh8 Re6 28. Kf2 h5 29. h4 Re7 30. Rg8 f4 31. Ra8 a5 32. Ng5 Ne5 33. Ne4+ Kf5 34. Rf8+ Kg4 35. Nf6+ Kxh4 36. Nd5 Ng4+ 37. Kf3 Re1 38. Rxf4 g5 39. Re4 Rf1+ 40. Ke2 Rf2+ 41. Kd1 Rxg2 42. Ne3 Rh2 43. Nf5+ Kh3 44. c3 Nf2+ 45. Ke1 Nxe4 46. dxe4 Kg4 47. Nd6 Kf4 0-1


[Site "https://www.chess.com"]